 Dungeon Crawl Stone Soup version 0.29.1 (webtiles) character file.

Game seed: 7916192547327808737

48 spacecamp the Grave Robber (level 3, -1/24 HPs)
             Began as a Demonspawn Necromancer on Sept 13, 2022.
             Slain by an ufetubus (2 damage)
             ... on level 3 of the Dungeon.
             The game lasted 00:12:26 (1802 turns).

spacecamp the Grave Robber (Demonspawn Necromancer) Turns: 1802, Time: 00:12:27

Health: -1/24      AC:  2    Str:  8    XL:     3   Next: 50%
Magic:  6/6        EV: 12    Int: 18    God:
Gold:   48         SH:  0    Dex: 13    Spells: 2/6 levels left

rFire   . . .      SeeInvis .   (no weapon)
rCold   . . .      Faith    .   (no shield)
rNeg    . . .      Spirit   .   a - +0 robe
rPois   .          Reflect  .   (no helmet)
rElec   .          Harm     .   (no cloak)
rCorr   .          Rampage  .   (no gloves)
Will    .....                   (no boots)
Stlth   ++........              (no amulet)
HPRegen 0.08/turn               (no ring)
MPRegen 0.10/turn               (no ring)

@: no status effects
A: demonic touch 1
a: no special abilities


You were on level 3 of the Dungeon.
You visited 1 branch of the dungeon, and saw 3 of its levels.

You collected 48 gold pieces.

Inventory:

Hand Weapons
 e - a +0 short sword
Missiles
 g - 3 curare-tipped darts (quivered)
 k - 2 poisoned darts
Armour
 a - a +0 robe (worn)
Scrolls
 c - 2 scrolls of teleportation {unknown}
 d - a scroll of magic mapping {unknown}
 f - a scroll of noise {unknown}
 j - a scroll of identify {unknown}
Potions
 b - a potion of magic
 h - 2 potions of might {unknown}
 i - 2 potions of flight {unknown}


   Skills:
 - Level 1.7 Dodging
 - Level 1.7 Stealth
 + Level 2.4 Spellcasting
 + Level 5.5 Necromancy


You had 2 spell levels left.
You knew the following spells:

 Your Spells              Type           Power      Damage    Failure   Level
a - Necrotise             Necr           88%        1d8       1%          1
b - Vampiric Draining     Necr           22%        2d7       5%          3

Your spell library contained the following spells:

 Spells                   Type           Power      Damage    Failure   Level
 Slow                     Hex            8%         N/A       17%         1
 Animate Dead             Necr           22%        N/A       17%         4
 Agony                    Necr           22%        N/A       43%         5
 Confusing Touch          Hex            2%         N/A       45%         3
 Conjure Ball Lightning   Conj/Air       1%         3x3d6     100%        6
 Discord                  Hex            1%         N/A       100%        8
 Disjunction              Tloc           1%         N/A       100%        8


Dungeon Overview and Level Annotations

Branches:
Dungeon (3/15)

Altars:

Annotations:
D:2 Terence


Innate Abilities, Weirdness & Mutations

Your touch may inflict minor irresistible damage on your foes.


Message History

The ufetubus hits you. The ufetubus barely misses you.
The ufetubus hits you. x2
You closely miss the ufetubus. Your touch misses the ufetubus.
The ufetubus hits you but does no damage.
The ufetubus barely misses you.
You hit the ufetubus but do no damage.
The ufetubus hits you but does no damage.
The ufetubus hits you. x2; The ufetubus misses you.
You barely miss the ufetubus. You punch the ufetubus.
The ufetubus is moderately wounded.
The ufetubus hits you.
The ufetubus hits you but does no damage.
The ufetubus attacks as you move away! The ufetubus barely misses you.
The ufetubus closely misses you. The ufetubus hits you.
* * * LOW HITPOINT WARNING * * *
The ufetubus hits you.
* * * LOW HITPOINT WARNING * * *
The ufetubus attacks as you move away! The ufetubus closely misses you. x2
The ufetubus hits you but does no damage. x2
The ufetubus attacks as you move away! The ufetubus barely misses you.
The ufetubus misses you.
The ufetubus hits you but does no damage.
The ufetubus hits you.
* * * LOW HITPOINT WARNING * * *
You hit the ufetubus but do no damage. The ufetubus barely misses you. x2
Press: ? - help, v - describe, . - travel
Here: an ufetubus The floor.
Unknown command.
Unknown command.
Aiming: Necrotise (safe; 1% risk of failure)
Press: ? - help, Q - select action, (/) - cycle Shift-Dir - straight line, f - you
Okay, then.
Okay, then.
Throw: 4 darts (curare)
Press: ? - help, Q - select action, (/) - cycle Shift-Dir - straight line, f - ufetubus
Aim: an ufetubus (35% to hit)
You throw a curare-tipped dart.
The curare-tipped dart barely misses the ufetubus.
The ufetubus hits you.
You die...

..## ## ...^ .#
#..#### .# .....#
.# #...# .######
#..###.......
#########.........#
#.......@5.....(..#
#....#####........#
#....# #........#
#.#### ##...#####
#.# ####... #.#
#....#..
#.########....+...
#.............# #.
#######.......#


You could see an ufetubus.

Vanquished Creatures
  An adder (D:2)
  A worm (D:2)
  A dart slug (D:1)
  4 ball pythons
  3 endoplasms
  A goblin (D:1)
  3 hobgoblins
  3 quokkas
  3 bats
  3 frilled lizards (D:1)
  2 kobolds (D:1)
  5 rats
30 creatures vanquished.

Vanquished Creatures (collateral kills)
  A ball python (D:1)
  A goblin (D:2)
  A hobgoblin (D:1)
  A frilled lizard (D:2)
4 creatures vanquished.

Grand Total: 34 creatures vanquished

Notes
Turn   | Place    | Note
-------+----------+-------------------------------------------
     0 | D:1      | spacecamp the Demonspawn Necromancer began the quest for
                  | the Orb.
     0 | D:1      | Reached XP level 1. HP: 13/13 MP: 3/3
   259 | D:1      | Gained mutation: Your touch may inflict minor irresistible
                  | damage on your foes. [demonic ancestry]
   259 | D:1      | Reached XP level 2. HP: 19/19 MP: 1/5
   353 | D:1      | Reached skill level 5 in Necromancy
   356 | D:1      | You fall into a shaft and drop 1 floor!
   415 | D:1      | Found a faded altar of an unknown god.
  1153 | D:2      | Reached XP level 3. HP: 24/24 MP: 0/6
  1213 | D:2      | Learned a level 3 spell: Vampiric Draining
  1694 | D:2      | Noticed Terence
  1800 | D:3      | HP: 1/24 [ufetubus (3)]
  1802 | D:3      | Slain by an ufetubus

Illustrated notes

Levels and vault maps discovered:
D:1:      eino_arrival_druids_welcome, layout_loops_corners,
          chequers_ecumenical_altar_island
D:2:      layout_loops_ring, minmay_surrounded, uniq_terence
D:3:      layout_basic

Skill      XL: |  1  2 |
---------------+-------+-----
Necromancy     | 5 |  5.5
Dodging        | |  1.7
Stealth        | |  1.7
Spellcasting   | |  2.4

Action                   || total
-------------------------++-------
Melee: Unarmed           ||    15
       Touch             ||     4
       Punch             ||     1
Throw: Dart              ||     1
 Cast: Necrotise         ||    60
Armor: Robe              ||     8
Dodge: Dodged            ||    15
